[Event "Titled Tuesday Blitz March 07 Early 2023"]
[White "Kohler, Aran"]
[Black "sissahungrychess"]
[WhiteFideId "1002856"]
[WhiteElo "2241"]
[BlackElo "2397"]
[Result "0-1"]
[Round "05"]
[TimeControl "180+2"]
[Date "2023.03.07"]
[WhiteClock "0:00:24"]
[BlackClock "0:00:25"]

1. Nf3 d5 2. d4 Nf6 3. Bg5 e6 4. Nbd2 Be7 5. e3 h6 6. Bh4 Nbd7 7. Bd3 c5 8. c3 O-O 9. Ne5 Ne8 10. Bxe7 Qxe7 11. f4 Nd6 12. Qh5 Nf6 13. Qh4 Nf5 14. Qf2 cxd4 15. exd4 Nd6 16. Qf3 b5 17. O-O Bb7 18. a4 a6 19. Qh3 Nfe4 20. Ndf3 Rfb8 21. axb5 axb5 22. g4 f6 23. Ng6 Qf7 24. Qh5 Bc6 25. Nfh4 Be8 26. f5 Ng5 27. Kh1 exf5 28. gxf5 Rxa1 29. Rxa1 b4 30. Re1 Nde4 31. c4 Nf2+ 32. Kg2 Nxd3 33. Re7 Nf4+ 34. Kf1 Nxh5 35. Rxf7 Bxf7 36. Ne7+ Kf8 37. Nc6 Rb6 38. cxd5 Bxd5 39. Na5 Rb5 40. Ng6+ Kf7 41. Nf4 Nxf4 42. h4 Rxa5 43. hxg5 hxg5 44. b3 Ra3 45. Ke1 Rxb3 46. Kd1 Rc3 47. Kd2 Ne6 48. Kd1 Nxd4 49. Kd2 Nxf5 50. Ke2 Ne7 51. Kf2 Be6 52. Kg2 f5 53. Kf2 g6 54. Ke2 g4 55. Kd2 f4 56. Ke2 g5 57. Kf2 Re3 58. Kf1 b3 59. Kg2 b2 60. Kh2 b1=Q 0-1


[Site "https://www.chess.com"]

[Event "Titled Tuesday Blitz March 07 Early 2023"]
[White "Silvestre, Christian"]
[Black "Fajdetic, Hrvoje"]
[WhiteFideId "30956269"]
[BlackFideId "14501945"]
[WhiteElo "2395"]
[BlackElo "2185"]
[Result "0-1"]
[Round "05"]
[TimeControl "180+2"]
[Date "2023.03.07"]
[WhiteClock "0:00:21"]
[BlackClock "0:00:19"]

1. d4 c6 2. Bg5 g6 3. Nc3 Bg7 4. Qd2 d5 5. O-O-O h6 6. Bf4 Nf6 7. f3 b5 8. h4 b4 9. Na4 a5 10. g4 Nbd7 11. g5 hxg5 12. Bxg5 Nb6 13. Nxb6 Qxb6 14. Bh3 Bxh3 15. Nxh3 a4 16. Nf4 b3 17. cxb3 a3 18. Kb1 axb2 19. Qxb2 Nh5 20. Nxh5 Rxh5 21. e4 dxe4 22. fxe4 Rd8 23. e5 c5 24. dxc5 Rxd1+ 25. Rxd1 Qxc5 26. Qg2 Qc8 27. e6 fxe6 28. Qe4 Kf7 29. Rf1+ Bf6 30. Qf3 Qd8 31. Rd1 Qc7 32. Bxf6 exf6 33. Qf2 Rd5 34. Rc1 Qe5 35. Qa7+ Ke8 36. Rc8+ Rd8 37. Qa4+ Ke7 38. Qb4+ Ke8 39. Qa4+ Ke7 40. Qa7+ Ke8 0-1


[Site "https://www.chess.com"]

[Event "Titled Tuesday Blitz March 07 Early 2023"]
[White "Mim, Akter"]
[Black "Rios Escobar, Adan"]
[WhiteFideId "10263950"]
[BlackFideId "3403645"]
[WhiteElo "2223"]
[BlackElo "2392"]
[Result "1-0"]
[Round "05"]
[TimeControl "180+2"]
[Date "2023.03.07"]
[WhiteClock "0:01:08"]
[BlackClock "0:00:02"]

1. e4 c5 2. Nf3 d6 3. Bb5+ Nd7 4. a4 Nf6 5. Nc3 g6 6. O-O a6 7. Be2 Bg7 8. d3 O-O 9. Nd2 b6 10. Nc4 Bb7 11. f4 Qc7 12. h3 Bc6 13. Ne3 e6 14. f5 exf5 15. exf5 d5 16. Bf3 d4 17. Ncd5 Qd8 18. Nxf6+ Qxf6 19. Ng4 Qd6 20. Bf4 Bxf3 21. Bxd6 Bxd1 22. Bxf8 Bxc2 23. Bxg7 Kxg7 24. f6+ Kg8 25. Rf3 Re8 26. Kf2 1-0


[Site "https://www.chess.com"]

[Event "Titled Tuesday Blitz March 07 Early 2023"]
[White "Szyszylo, Rafal"]
[Black "Tagliati, Eleonore"]
[WhiteFideId "1109626"]
[BlackFideId "45172234"]
[WhiteElo "1951"]
[BlackElo "2217"]
[Result "0-1"]
[Round "05"]
[TimeControl "180+2"]
[Date "2023.03.07"]
[WhiteClock "0:00:08"]
[BlackClock "0:00:28"]

1. e4 c5 2. Nf3 e6 3. d4 cxd4 4. Nxd4 Nf6 5. Nc3 Nc6 6. Ndb5 d6 7. Bf4 e5 8. Bg5 a6 9. Na3 b5 10. Nd5 Be7 11. Bxf6 Bxf6 12. c3 O-O 13. Bd3 Rb8 14. Nc2 Bg5 15. O-O Be6 16. Nce3 Ne7 17. b4 Bxd5 18. Nxd5 Nxd5 19. exd5 f5 20. a4 Qc7 21. Ra3 e4 22. Bb1 Bf6 23. axb5 axb5 24. Qd2 Ra8 25. Rb3 Rfc8 26. Rc1 h6 27. f3 Bg5 28. f4 Bf6 29. Qe3 Ra1 30. Kf2 Qc4 31. Rb2 Bxc3 32. Rbc2 Bd4 33. Rxc4 Bxe3+ 34. Kxe3 bxc4 35. Kd4 c3 36. b5 Ra4+ 37. Ke3 Rb4 38. Bc2 Rxb5 39. Ba4 Rbc5 40. Bc6 Kf7 41. Kd4 c2 42. g4 fxg4 43. Kxe4 R8xc6 44. dxc6 Rxc6 45. Kd5 Rc8 46. Kxd6 Kf6 47. Kd7 Rc3 48. Ke8 Kf5 49. Kf7 g6 50. Kg7 h5 51. Kh6 Rc6 52. Kg7 Kxf4 53. Kh6 Ke3 54. Kg5 Kd2 55. Ra1 c1=Q 56. Rxc1 Kxc1 57. h4 g3 58. Kf4 g2 59. Kg3 g1=Q+ 60. Kh3 Rc3# 0-1


[Site "https://www.chess.com"]

[Event "Titled Tuesday Blitz March 07 Early 2023"]
[White "Chabris, Christopher"]
[Black "Ansh M Shah"]
[WhiteFideId "2005263"]
[BlackFideId "25033379"]
[WhiteElo "2216"]
[BlackElo "2084"]
[Result "0-1"]
[Round "05"]
[TimeControl "180+2"]
[Date "2023.03.07"]
[WhiteClock "0:00:01"]
[BlackClock "0:00:04"]

1. e4 c6 2. d4 d5 3. e5 Bf5 4. Nf3 e6 5. Be2 c5 6. Be3 Qb6 7. Nc3 Nc6 8. O-O Qxb2 9. Qe1 cxd4 10. Bxd4 Nxd4 11. Nxd4 Bb4 12. Rb1 Bxc3 13. Rxb2 Bxe1 14. Nxf5 exf5 15. Rxe1 b6 16. a4 Ne7 17. a5 O-O 18. axb6 axb6 19. Rxb6 Ng6 20. e6 fxe6 21. Rxe6 Nf4 22. Re5 Rfe8 23. Rxe8+ Rxe8 24. Kf1 Kf7 25. g3 Nxe2 26. Rxe2 Rc8 27. Re5 Kf6 28. f4 Rxc2 29. Rxd5 Rxh2 30. Rd6+ Kf7 31. Rd7+ Kg6 32. Kg1 Rb2 33. Rd6+ Kh5 34. Rd7 Kh6 35. Rf7 g6 36. Re7 Ra2 37. Rd7 Rc2 38. Re7 Rb2 39. Rc7 Kh5 40. Rxh7+ Kg4 41. Rh6 Kxg3 42. Rxg6+ Kxf4 43. Rc6 Kg4 44. Rc3 f4 45. Rc4 Kg3 46. Kf1 Rb1+ 47. Ke2 f3+ 48. Ke3 Re1+ 49. Kd2 Re8 50. Rc3 Kg2 51. Rc6 f2 52. Rg6+ Kf1 53. Kd3 Rd8+ 54. Ke3 Re8+ 55. Kd2 Rd8+ 56. Ke3 Ke1 57. Ra6 f1=Q 58. Ra1+ Rd1 0-1


[Site "https://www.chess.com"]

[Event "Titled Tuesday Blitz March 07 Early 2023"]
[White "Leve, Nitai"]
[Black "Araujo, Everson De Moura"]
[WhiteFideId "2006898"]
[BlackFideId "22737197"]
[WhiteElo "2144"]
[BlackElo "2035"]
[Result "1-0"]
[Round "05"]
[TimeControl "180+2"]
[Date "2023.03.07"]
[WhiteClock "0:00:10"]
[BlackClock "0:00:23"]

1. e4 e6 2. d4 d5 3. Nd2 Nc6 4. c3 e5 5. exd5 Qxd5 6. Ngf3 exd4 7. Bc4 Qh5 8. cxd4 Be6 9. Bxe6 fxe6 10. O-O O-O-O 11. Qb3 Nf6 12. Qxe6+ Kb8 13. Ne4 Nxe4 14. Qxe4 Bd6 15. h3 Rhe8 16. Qg4 Qxg4 17. hxg4 Bb4 18. Be3 Re4 19. g5 Ba5 20. Rfd1 Bb6 21. d5 Ne5 22. Nd4 Rxd5 23. Ne6 Rxd1+ 24. Rxd1 c6 25. Bxb6 axb6 26. Nxg7 Rg4 27. Ne6 Ka7 28. f4 Nf3+ 29. Kf2 Nh4 30. g3 Nf5 31. Kf3 Rxg3+ 32. Ke4 Ne3 33. Rd3 Nf1 34. Rxg3 Nxg3+ 35. Ke5 c5 36. f5 Nxf5 37. Kxf5 b5 38. Nxc5 Kb6 39. Ne4 Kc6 40. Nf6 1-0


[Site "https://www.chess.com"]

[Event "Titled Tuesday Blitz March 07 Early 2023"]
[White "Osinovsky, Stepan"]
[Black "Hartikainen, Jarmo"]
[WhiteFideId "4157354"]
[BlackFideId "503134"]
[WhiteElo "2222"]
[BlackElo "2205"]
[Result "1-0"]
[Round "05"]
[TimeControl "180+2"]
[Date "2023.03.07"]
[WhiteClock "0:01:01"]
[BlackClock "0:00:02"]

1. Nf3 Nf6 2. g3 g6 3. Bg2 Bg7 4. O-O O-O 5. d3 d5 6. Nbd2 c5 7. e4 dxe4 8. Re1 exf3 9. Nxf3 Nc6 10. Be3 Qa5 11. Qc1 Bg4 12. h3 Bxf3 13. Bxf3 Nd4 14. Bxb7 Rab8 15. Bg2 Nf5 16. Bf4 Rbd8 17. g4 Nh4 18. Rxe7 Nxg2 19. Bc7 Qa6 20. Bxd8 Rxd8 21. Kxg2 Qc6+ 22. f3 Nd5 23. Re4 f5 24. gxf5 gxf5 25. Qg5 Qf6 26. Qxf6 Bxf6 27. Ra4 Bxb2 28. Re1 Bd4 29. Rxa7 Ne3+ 30. Kg3 f4+ 31. Kh2 Rd6 32. Rg1+ Rg6 33. Rxg6+ hxg6 34. a4 Nxc2 35. a5 Nb4 36. a6 Nxd3 37. Rd7 Ne5 38. Rxd4 cxd4 39. a7 Nxf3+ 40. Kg2 Nh4+ 41. Kf2 d3 42. a8=Q+ Kg7 43. Qd5 Kh6 44. Qxd3 g5 45. Qd6+ Kh5 46. Qd7 1-0


[Site "https://www.chess.com"]

[Event "Titled Tuesday Blitz March 07 Early 2023"]
[White "mestrefeitosa19"]
[Black "Valle Maytin, Luis Enrique"]
[BlackFideId "3503666"]
[WhiteElo "2205"]
[BlackElo "2225"]
[Result "0-1"]
[Round "05"]
[TimeControl "180+2"]
[Date "2023.03.07"]
[WhiteClock "0:00:21"]
[BlackClock "0:00:06"]

1. c4 c5 2. Nc3 Nc6 3. Nf3 g6 4. e3 Bg7 5. d4 cxd4 6. exd4 Nf6 7. d5 Nb8 8. Bd3 O-O 9. O-O d6 10. Re1 Bg4 11. h3 Bxf3 12. Qxf3 Nbd7 13. Bg5 Ne5 14. Qe3 Nxd3 15. Qxd3 Re8 16. Re2 Rc8 17. Rae1 a6 18. Qe3 Rxc4 19. Qa7 Rc7 20. Be3 Qc8 21. Bb6 Rc4 22. Rxe7 Rxe7 23. Rxe7 Nd7 24. Be3 Bf8 25. Re4 Ne5 26. Rxc4 Nxc4 27. Bc1 Bg7 28. a4 Nxb2 29. Bxb2 Bxc3 30. Ba3 Be5 31. Qb6 Qc3 32. f4 Qe1+ 33. Kh2 Bxf4+ 34. g3 Qxg3+ 35. Kh1 Qh2# 0-1


[Site "https://www.chess.com"]

[Event "Titled Tuesday Blitz March 07 Early 2023"]
[White "McLaren, Brian"]
[Black "Rosh Jain"]
[WhiteFideId "2604612"]
[BlackFideId "25789465"]
[WhiteElo "2132"]
[BlackElo "2233"]
[Result "0-1"]
[Round "05"]
[TimeControl "180+2"]
[Date "2023.03.07"]
[WhiteClock "0:00:31"]
[BlackClock "0:00:13"]

1. e4 c5 2. Nc3 d6 3. g3 g6 4. Bg2 Bg7 5. d3 Nc6 6. Nge2 Nf6 7. O-O O-O 8. h3 e6 9. f4 a6 10. Be3 Bd7 11. Qd2 b5 12. f5 b4 13. Nd1 Ne5 14. g4 Ne8 15. Bh6 Bc6 16. Bxg7 Kxg7 17. Ne3 Qg5 18. fxe6 fxe6 19. Rxf8 Kxf8 20. Rf1+ Kg8 21. Nf4 Ng7 22. Qf2 Rf8 23. Qg3 h5 24. h4 Qe7 25. g5 Bb5 26. b3 Rf7 27. Bh3 Kh7 28. Nc4 Bxc4 29. bxc4 Nc6 30. Rf2 Nd4 31. Qe3 Qf8 32. e5 dxe5 33. Qxe5 Rxf4 34. Rxf4 Qxf4 35. Qxf4 Ne2+ 36. Kf2 Nxf4 37. Bf1 e5 0-1


[Site "https://www.chess.com"]

[Event "Titled Tuesday Blitz March 07 Early 2023"]
[White "Grabinsky, Vladimir"]
[Black "MrAnnihilation"]
[WhiteFideId "14107074"]
[WhiteElo "2027"]
[BlackElo "2356"]
[Result "1-0"]
[Round "05"]
[TimeControl "180+2"]
[Date "2023.03.07"]
[WhiteClock "0:00:18"]
[BlackClock "0:00:54"]

1. e4 c5 2. b4 cxb4 3. a3 e5 4. Nf3 Nc6 5. Bc4 h6 6. Bb2 bxa3 7. Nxa3 d6 8. d4 exd4 9. Nxd4 Nf6 10. O-O Be7 11. Re1 O-O 12. h3 a6 13. Qf3 Nxd4 14. Bxd4 Nd7 15. Rad1 Qc7 16. Qg3 Ne5 17. Bd5 Bf6 18. f4 Nd7 19. e5 dxe5 20. fxe5 Re8 21. exf6 Qxg3 22. Rxe8+ Kh7 23. fxg7 Nf6 24. Bxf6 Bxh3 25. Be4+ Qg6 26. Bxg6+ Kxg6 27. g8=Q+ Kxf6 28. Qh8+ Kg6 29. Rxa8 Kh5 30. Rg8 Be6 31. Qf6 b6 32. Qf3+ Kh4 33. Rd4+ 1-0


[Site "https://www.chess.com"]

[Event "Titled Tuesday Blitz March 07 Early 2023"]
[White "Bashirli, Saadat"]
[Black "Alahakoon, Isuru"]
[WhiteFideId "13429990"]
[BlackFideId "9900993"]
[WhiteElo "1408"]
[BlackElo "1995"]
[Result "0-1"]
[Round "05"]
[TimeControl "180+2"]
[Date "2023.03.07"]
[WhiteClock "0:01:03"]
[BlackClock "0:01:10"]

1. e4 d5 2. exd5 Qxd5 3. Nc3 Qa5 4. d4 Nf6 5. Bd2 Bg4 6. Nf3 Nc6 7. Bc4 O-O-O 8. Nd5 Qa4 9. Bb3 Qa6 10. Nxf6 gxf6 11. c3 e5 12. h3 Bxf3 13. Qxf3 exd4 14. Qxf6 Re8+ 15. Kd1 Be7 16. Qxf7 Rhf8 17. Qe6+ Kb8 18. Qc4 Qa5 19. cxd4 Bb4 20. Bxb4 Nxb4 21. Rc1 Rxf2 22. a3 Nd5 23. Rc2 Rxc2 24. Bxc2 Ne3+ 25. Kc1 Nxc4 26. Bd3 Qd2+ 27. Kb1 Qxb2# 0-1


[Site "https://www.chess.com"]

[Event "Titled Tuesday Blitz March 07 Early 2023"]
[White "Rostomyan, Mikayel"]
[Black "Thomas, Anysia"]
[WhiteFideId "13313754"]
[BlackFideId "670472"]
[WhiteElo "2009"]
[BlackElo "2091"]
[Result "1-0"]
[Round "05"]
[TimeControl "180+2"]
[Date "2023.03.07"]
[WhiteClock "0:01:05"]
[BlackClock "0:00:01"]

1. e4 c5 2. Nf3 g6 3. d4 cxd4 4. Qxd4 Nf6 5. e5 Nc6 6. Qd1 Nxe5 7. Nxe5 Qa5+ 8. Bd2 Qxe5+ 9. Be2 Bg7 10. Bc3 Qg5 11. O-O O-O 12. Nd2 d6 13. Bf3 Rb8 14. Re1 Be6 15. Nb3 Qf4 16. Nd4 Bg4 17. Rxe7 Bxf3 18. Qxf3 Qxf3 19. Nxf3 Rfe8 20. Rxe8+ Rxe8 21. Re1 Rxe1+ 22. Nxe1 Ne4 23. Bxg7 Kxg7 24. f3 Nc5 25. Kf2 Kf6 26. b4 Na4 27. Ke3 Ke6 28. Kd4 Nb6 29. c4 f5 30. Nd3 g5 31. c5 Na4 32. h4 h6 33. h5 a6 34. g4 dxc5+ 35. Nxc5+ Nxc5 36. bxc5 fxg4 37. fxg4 Kd7 38. Kd5 Kc7 39. a3 1-0


[Site "https://www.chess.com"]

[Event "Titled Tuesday Blitz March 07 Early 2023"]
[White "Sabar, Ethmane Daouda"]
[Black "Gallegos Diaz, Carlos Alberto"]
[WhiteFideId "19600097"]
[BlackFideId "3900886"]
[WhiteElo "1950"]
[BlackElo "2362"]
[Result "0-1"]
[Round "05"]
[TimeControl "180+2"]
[Date "2023.03.07"]
[WhiteClock "0:00:02"]
[BlackClock "0:00:04"]

1. b4 d6 2. Bb2 e5 3. e3 Nf6 4. d4 exd4 5. Qxd4 Be7 6. Nf3 O-O 7. b5 c5 8. bxc6 Nxc6 9. Qd1 d5 10. Be2 Qb6 11. Qc1 Bf5 12. O-O Rac8 13. a3 h6 14. Nbd2 Rfd8 15. Rb1 Qc7 16. Nb3 Na5 17. Nfd4 Be4 18. Nxa5 Qxa5 19. f3 Bg6 20. Qd1 Bc5 21. Bd3 Bxd3 22. cxd3 a6 23. Qb3 b5 24. Rfd1 Qb6 25. Kf2 Re8 26. Re1 Re5 27. Re2 Rce8 28. Rbe1 R5e7 29. Nc2 Nd7 30. d4 Bd6 31. Nb4 Qa7 32. Nd3 Bxh2 33. g3 Qb8 34. Rh1 Qxg3+ 35. Kf1 Qxf3+ 36. Rf2 Qxh1+ 37. Ke2 Rxe3+ 0-1


[Site "https://www.chess.com"]

[Event "Titled Tuesday Blitz March 07 Early 2023"]
[White "Fabris, Alberto"]
[Black "Fernandez Siles, Luis"]
[WhiteFideId "801348"]
[BlackFideId "2209420"]
[WhiteElo "2140"]
[BlackElo "2186"]
[Result "1/2-1/2"]
[Round "05"]
[TimeControl "180+2"]
[Date "2023.03.07"]
[WhiteClock "0:00:18"]
[BlackClock "0:00:04"]

1. d4 Nf6 2. Nf3 g6 3. g3 Bg7 4. Bg2 O-O 5. O-O d6 6. c4 c6 7. Nc3 Qa5 8. e4 e5 9. d5 cxd5 10. cxd5 Bd7 11. Qe2 Rc8 12. Bd2 b5 13. a3 Qb6 14. Be3 Qb7 15. Rfc1 a5 16. Na2 Na6 17. b4 axb4 18. axb4 Nxe4 19. Rxc8+ Rxc8 20. Rc1 Rxc1+ 21. Bxc1 Nf6 22. Nd2 Qc8 23. Qd3 Nxb4 24. Nxb4 Qxc1+ 25. Nf1 Qc4 26. Qa3 Bh6 27. Qa8+ Kg7 28. Nc6 Nxd5 29. Na5 Nb6 30. Qd8 Qd4 31. Nb3 Qc3 32. Qxb6 Qxb3 33. Qxd6 Qe6 34. Qc5 Bg5 35. Bd5 Qe7 36. Qc3 Bf6 37. Qb3 Be6 38. Ne3 Bxd5 39. Nxd5 Qc5 40. Qf3 Qd6 41. Qe4 Bd8 42. h4 f5 43. Qd3 Bf6 44. Qb3 Qc5 45. Kg2 Qc6 46. Kg1 f4 47. gxf4 Bxh4 48. fxe5 Qc5 49. Qf3 Bxf2+ 50. Kg2 Bh4 51. e6 Bd8 52. Qf7+ Kh6 53. e7 Bxe7 54. Nxe7 Qc2+ 55. Kf1 Qd3+ 56. Kf2 Qc2+ 57. Ke3 Qc3+ 58. Kf2 Qc2+ 59. Ke1 Qc3+ 60. Kf2 Qc2+ 1/2-1/2


[Site "https://www.chess.com"]

[Event "Titled Tuesday Blitz March 07 Early 2023"]
[White "Kirillov, Dmitry"]
[Black "Kho, Darrell"]
[WhiteFideId "34180572"]
[BlackFideId "1019317"]
[WhiteElo "2111"]
[BlackElo "2166"]
[Result "0-1"]
[Round "05"]
[TimeControl "180+2"]
[Date "2023.03.07"]
[WhiteClock "0:00:02"]
[BlackClock "0:00:29"]

1. e4 e6 2. d4 d5 3. Nd2 Be7 4. Ngf3 Nf6 5. e5 Nfd7 6. c3 c5 7. Bd3 b6 8. O-O Ba6 9. Bxa6 Nxa6 10. Ne1 cxd4 11. cxd4 b5 12. Qe2 Qb6 13. Nb3 Nb4 14. Be3 O-O 15. a3 Nc6 16. Nd3 Rfc8 17. f4 f5 18. Nbc5 Nxc5 19. Nxc5 Nxd4 20. Bxd4 Bxc5 21. Bxc5 Qxc5+ 22. Rf2 Rc6 23. Rd1 Rac8 24. Re1 Qb6 25. Qd3 Rc2 26. Qf3 Rxb2 27. Kf1 Rxf2+ 28. Qxf2 Qxf2+ 29. Kxf2 Rc2+ 30. Kf3 Rc3+ 0-1


[Site "https://www.chess.com"]

[Event "Titled Tuesday Blitz March 07 Early 2023"]
[White "Kostiukov, Alexandr"]
[Black "Michalski, Olaf"]
[WhiteFideId "14108100"]
[BlackFideId "1106740"]
[WhiteElo "2202"]
[BlackElo "2173"]
[Result "1/2-1/2"]
[Round "05"]
[TimeControl "180+2"]
[Date "2023.03.07"]
[WhiteClock "0:00:44"]
[BlackClock "0:00:19"]

1. g3 Nf6 2. Bg2 d5 3. d3 c6 4. e4 dxe4 5. dxe4 Qxd1+ 6. Kxd1 e5 7. f3 Be6 8. Nd2 Nfd7 9. Bh3 Bxh3 10. Nxh3 f6 11. Nb3 Nc5 12. Nxc5 Bxc5 13. Ke2 h5 14. Be3 Nd7 15. Nf2 h4 16. g4 O-O-O 17. Nd3 Bxe3 18. Kxe3 Nf8 19. a4 Ne6 20. c3 Rd7 21. Rhd1 Rhd8 22. Nf2 Nf4 23. Rxd7 Rxd7 24. Rg1 g5 25. Rd1 Rxd1 26. Nxd1 Kc7 27. b4 Kb6 28. Nb2 Kc7 29. a5 b5 30. c4 a6 31. cxb5 cxb5 32. Nd1 Kd6 33. Nc3 Kc6 34. Kd2 Kd6 35. Nd1 Kc6 36. Ne3 Kd6 37. Nf5+ Ke6 38. Ng7+ Kf7 39. Nf5 Ke6 40. Ke3 Ng6 41. Kd2 Nf4 1/2-1/2


[Site "https://www.chess.com"]

[Event "Titled Tuesday Blitz March 07 Early 2023"]
[White "Lorenzo De La Riva, Lazaro"]
[Black "Pesotskiy, Mikhail"]
[WhiteFideId "2268809"]
[BlackFideId "34164453"]
[WhiteElo "2294"]
[BlackElo "2131"]
[Result "1-0"]
[Round "05"]
[TimeControl "180+2"]
[Date "2023.03.07"]
[WhiteClock "0:02:23"]
[BlackClock "0:02:00"]

1. d4 Nf6 2. Nf3 c5 3. e3 b6 4. c3 Bb7 5. Bd3 g6 6. Nbd2 Bg7 7. O-O O-O 8. Re1 d6 9. a4 Nbd7 10. b4 Nd5 11. Qb3 Rc8 12. e4 cxd4 13. exd5 dxc3 14. Ne4 c2 15. Ra3 f5 16. Neg5 Rc3 17. Qa2 Rxa3 18. Bxa3 Bxd5 19. Qxd5+ 1-0


[Site "https://www.chess.com"]

[Event "Titled Tuesday Blitz March 07 Early 2023"]
[White "ritanovikova"]
[Black "Fathy, Elameir"]
[BlackFideId "10600396"]
[WhiteElo "2133"]
[BlackElo "2311"]
[Result "0-1"]
[Round "05"]
[TimeControl "180+2"]
[Date "2023.03.07"]
[WhiteClock "0:00:05"]
[BlackClock "0:00:48"]

1. e4 c6 2. d4 d5 3. exd5 cxd5 4. Nf3 Nf6 5. Be2 Nc6 6. c3 Bf5 7. h3 e6 8. O-O Bd6 9. Re1 O-O 10. Nbd2 a6 11. Nf1 b5 12. Bg5 Be7 13. Bd3 Bg6 14. Bxg6 hxg6 15. Ne5 Nxe5 16. dxe5 Nd7 17. Bxe7 Qxe7 18. Qe2 Nb6 19. b3 Rfc8 20. Rac1 Rc7 21. f4 Rac8 22. Qf3 Qa3 23. Qf2 Qc5 24. Nd2 Qxf2+ 25. Kxf2 Rxc3 26. Rxc3 Rxc3 27. Ra1 Kf8 28. Ke2 Ke7 29. Nf3 Rc2+ 30. Kf1 Kd7 31. Nd4 Rc8 32. Ke2 Rc7 33. Kd3 Nc8 34. g4 Na7 35. Rf1 Nc6 36. Nc2 a5 37. a3 Ke7 38. Kd2 Rc8 39. Re1 Rh8 40. Re3 Rc8 41. Rf3 g5 42. fxg5 Nxe5 43. Re3 Nc6 44. Kd3 e5 45. Ne1 Kd6 46. h4 b4 47. a4 e4+ 48. Kd2 Ne5 49. h5 Nxg4 50. Rh3 d4 51. h6 gxh6 52. gxh6 Rh8 53. h7 Nf6 54. Rh6 Ke6 55. Ng2 Rxh7 56. Rxh7 Nxh7 57. Nf4+ Kd6 58. Nh5 f5 59. Ng7 Ke5 60. Ne8 e3+ 61. Kd3 Nf6 62. Nc7 Nd5 63. Nb5 Nf4+ 64. Kc4 e2 65. Nxd4 Ke4 66. Nc2 Nd3 67. Kb5 e1=Q 68. Nxe1 Nxe1 69. Kxa5 f4 70. Kxb4 f3 71. Kc3 f2 72. Kd2 f1=Q 0-1


[Site "https://www.chess.com"]

[Event "Titled Tuesday Blitz March 07 Early 2023"]
[White "Larina, Maria"]
[Black "Buscar, Michael"]
[WhiteFideId "24113182"]
[BlackFideId "2603616"]
[WhiteElo "1848"]
[BlackElo "2010"]
[Result "1-0"]
[Round "05"]
[TimeControl "180+2"]
[Date "2023.03.07"]
[WhiteClock "0:00:42"]
[BlackClock "0:00:57"]

1. e4 c5 2. Nc3 Nc6 3. g3 g6 4. Bg2 Bg7 5. d3 Nf6 6. Be3 d6 7. h3 O-O 8. Qd2 Ne8 9. Nge2 Nd4 10. O-O Nc7 11. Nd1 Nce6 12. c3 Nxe2+ 13. Qxe2 Rb8 14. f4 f5 15. g4 b5 16. exf5 gxf5 17. gxf5 Rxf5 18. Be4 Rf8 19. f5 Nc7 20. d4 Bb7 21. Qg2 Bxe4 22. Qxe4 d5 23. Qf3 cxd4 24. Bxd4 Bxd4+ 25. cxd4 Kh8 26. Kh1 Qd6 27. Ne3 Rg8 28. Rg1 Rbf8 29. Ng4 Ne6 30. Ne5 Nxd4 31. Rxg8+ Kxg8 32. Qg4+ Kh8 33. Qxd4 Rf6 34. Nf7+ 1-0


[Site "https://www.chess.com"]

[Event "Titled Tuesday Blitz March 07 Early 2023"]
[White "Sovetbekova, Nurai"]
[Black "Pissama Ntsaou, Martial"]
[WhiteFideId "13801910"]
[BlackFideId "17400864"]
[WhiteElo "1857"]
[BlackElo "2072"]
[Result "1-0"]
[Round "05"]
[TimeControl "180+2"]
[Date "2023.03.07"]
[WhiteClock "0:00:26"]
[BlackClock "0:00:03"]

1. d4 d5 2. c4 c6 3. Nf3 Nf6 4. g3 Bf5 5. Nc3 dxc4 6. Bg2 Nbd7 7. a4 a5 8. O-O e6 9. Nd2 Nb6 10. e4 Bg6 11. e5 Nfd5 12. Nde4 Be7 13. Qe2 O-O 14. Rd1 Qc7 15. Bd2 Rfd8 16. h4 h6 17. Rac1 Rac8 18. Nb1 Nxa4 19. Qxc4 b5 20. Qb3 Qb6 21. Na3 Bxe4 22. Bxe4 Bxa3 23. bxa3 Rd7 24. Bb1 c5 25. dxc5 Nxc5 26. Qc2 g6 27. h5 Ne7 28. Bxh6 Rxd1+ 29. Rxd1 Nd7 30. Qe2 Nf5 31. Bxf5 exf5 32. Rxd7 Rc1+ 33. Bxc1 Qc6 34. Rd8+ Kg7 35. Qd2 g5 36. Qxg5+ Kh7 37. Qxf5+ Kg7 38. h6+ Qxh6 39. Bxh6+ Kxh6 40. Qf6+ Kh5 41. Rh8+ Kg4 42. Qf4# 1-0


[Site "https://www.chess.com"]

[Event "Titled Tuesday Blitz March 07 Early 2023"]
[White "Kriti Mayur Patel"]
[Black "Szente Varga, Fruzsina"]
[WhiteFideId "35061780"]
[BlackFideId "712264"]
[WhiteElo "1306"]
[BlackElo "1994"]
[Result "0-1"]
[Round "05"]
[TimeControl "180+2"]
[Date "2023.03.07"]
[WhiteClock "0:00:27"]
[BlackClock "0:00:17"]

1. e4 Nf6 2. e5 Nd5 3. d4 d6 4. c4 Nb6 5. exd6 exd6 6. Nc3 Be7 7. Nf3 O-O 8. Bd3 Bg4 9. O-O Nc6 10. Be3 Bf6 11. c5 Nc8 12. Be2 d5 13. h3 Bh5 14. Nh2 Bxe2 15. Nxe2 N8e7 16. Ng4 Nf5 17. Nxf6+ Qxf6 18. Qd2 Rfe8 19. Rad1 Rad8 20. Bg5 Rxe2 21. Bxf6 Rxd2 22. Bxd8 Rxd1 23. Rxd1 Nxd8 24. Re1 Ne6 25. Re5 Ne7 26. f4 g6 27. g4 Kf8 28. f5 gxf5 29. gxf5 Nxd4 30. f6 Nec6 31. Rxd5 Ne6 32. Rh5 Kg8 33. Rd5 h6 34. Rd7 Ne5 35. Re7 Nf3+ 36. Kf2 Nfd4 37. Ke3 Nf5+ 38. Ke4 Nxe7 39. fxe7 Ng7 40. Ke5 Ne8 41. h4 Kg7 42. h5 b6 43. c6 Nd6 44. b4 b5 45. a3 a6 46. Kd5 Kf6 47. Kc5 Kxe7 48. Kd4 Nc4 49. Kc5 Nxa3 50. Kd5 Nc2 51. Ke5 Nxb4 52. Kf5 Nxc6 53. Ke4 b4 54. Kd5 b3 55. Kc5 b2 56. Kxc6 b1=Q 57. Kxc7 Qb5 58. Kc8 Qc6+ 59. Kb8 Qd7 60. Ka8 Kd6 61. Kb8 Kc6 62. Ka8 Qb7# 0-1


[Site "https://www.chess.com"]

[Event "Titled Tuesday Blitz March 07 Early 2023"]
[White "Liu, Kelsey"]
[Black "Tsatsalashvili, Keti"]
[WhiteFideId "30944481"]
[BlackFideId "13603434"]
[WhiteElo "2302"]
[BlackElo "2220"]
[Result "0-1"]
[Round "05"]
[TimeControl "180+2"]
[Date "2023.03.07"]
[WhiteClock "0:00:02"]
[BlackClock "0:00:42"]

1. e4 c5 2. Nf3 d6 3. Nc3 Nf6 4. e5 dxe5 5. Nxe5 Nbd7 6. d4 Nxe5 7. dxe5 Qxd1+ 8. Kxd1 Ng4 9. Bb5+ Bd7 10. e6 fxe6 11. Ke2 O-O-O 12. Bf4 g6 13. h3 Nf6 14. Rad1 Bg7 15. Bxd7+ Rxd7 16. Nb5 a6 17. Rxd7 Kxd7 18. Rd1+ Nd5 19. c4 axb5 20. cxd5 exd5 21. Rxd5+ Kc6 22. Rd2 Bd4 23. b4 e5 24. Bg3 c4 25. f4 Re8 26. Kf3 e4+ 27. Kg4 Bf6 28. f5 h5+ 29. Kf4 Be5+ 30. Kg5 Bxg3 31. fxg6 e3 32. Re2 Bf2 33. g7 Kd5 34. Kf6 Kd4 35. Kf7 Rc8 36. g4 hxg4 37. hxg4 Kd3 38. Rxe3+ Bxe3 39. g8=Q Rxg8 40. Kxg8 c3 0-1


[Site "https://www.chess.com"]

[Event "Titled Tuesday Blitz March 07 Early 2023"]
[White "Nan, M K Khine Hlyan"]
[Black "Vanek, Tomas"]
[WhiteFideId "13002899"]
[BlackFideId "313459"]
[WhiteElo "1943"]
[BlackElo "2052"]
[Result "0-1"]
[Round "05"]
[TimeControl "180+2"]
[Date "2023.03.07"]
[WhiteClock "0:01:10"]
[BlackClock "0:01:38"]

1. e4 c5 2. Nf3 Nc6 3. d4 cxd4 4. Nxd4 Nf6 5. Nc3 e5 6. Ndb5 d6 7. Bg5 a6 8. Na3 b5 9. Nd5 Be7 10. Bxf6 Bxf6 11. c3 Ne7 12. Nc2 Nxd5 13. Qxd5 Be6 14. Qc6+ Kf8 15. Rd1 Be7 16. a4 Bd7 17. Qd5 Be6 18. Qd2 bxa4 19. Be2 Rb8 20. Nb4 Bb3 21. Rc1 Bg5 22. f4 Bxf4 23. Qd5 Bxd5 0-1


[Site "https://www.chess.com"]